 Dungeon Crawl Stone Soup version 0.31.0-12-g77e489cdc1 (webtiles) character file.

Game seed: 11358258164589919460

52 BigDaddyOpFi the Shield-Bearer (level 3, -3/26 HPs)
             Began as an Octopode Fighter on Feb 22, 2024.
             Slain by a hobgoblin (4 damage)
             ... led by Robin
             ... on level 2 of the Dungeon.
             The game lasted 00:00:48 (1087 turns).

BigDaddyOpFi the Shield-Bearer (Octopode Fighter)   Turns: 1087, Time: 00:00:48

Health: -3/26      AC:  1    Str: 15    XL:     3   Next: 85%
Magic:  3/3        EV: 13    Int: 10    God:
Gold:   77         SH:  5    Dex: 13    Spells: 2/2 levels left

rFire   . .          .
                       - Unarmed
rCold   . . .        a - +0 buckler
rNeg    . . .        (helmet restricted)
rPois   .            (no amulet)
rElec   .            (no ring)
rCorr   .            (no ring)
SInv    .            (no ring)
Will    .....        (no ring)
Stlth   ++           (no ring)
HPRegen 0.24/turn    (no ring)
MPRegen 0.08/turn    (no ring)
                     (no ring)

%: no passive effects
@: no status effects
A: almost no armour, amphibious, 8 rings, camouflage 1, gelatinous body 1,
(nimble swimmer 1), tentacles
a: no special abilities


You were on level 2 of the Dungeon.
You visited 1 branch of the dungeon, and saw 2 of its levels.

You collected 77 gold pieces.

Inventory:

Armour
 a - a +0 buckler (worn)
Scrolls
 c - 3 scrolls of identify {unknown}
 d - 2 scrolls of teleportation {unknown}
 g - a scroll of enchant weapon {unknown}
Potions
 b - 2 potions of might
 e - a potion of attraction {unknown}
 f - a potion of curing {unknown}


   Skills:
 + Level 3.4 Fighting
 + Level 3.4 Dodging
 + Level 3.4 Shields
 + Level 2.6 Unarmed Combat


You had 2 spell levels left.
You didn't know any spells.
Your spell library contained the following spells:

 Spells                   Type           Power      Damage    Failure   Level
 Ensorcelled Hibernation  Hex/Ice        0%         N/A       58%         2
 Fugue of the Fallen      Necr           0%         N/A       83%         3
 Anguish                  Hex/Necr       0%         N/A       99%         4


Dungeon Overview and Level Annotations

Branches:
Dungeon (2/15)

Altars:

Annotations:
D:2 Robin


Innate Abilities, Weirdness & Mutations

You cannot wear most types of armour.
You are amphibious.
You can wear up to eight rings at the same time.
Your skin changes colour to match your surroundings (Stealth+).
Your rubbery body absorbs attacks. (AC +1, EV +1)
((You are camouflaged when in or above water. (Stealth+)))
You have tentacles for arms and can constrict up to eight enemies at once.


Message History

You tentacle-slap the goblin.
You kill the goblin!
You hear a shout! x5
Robin roars a battlecry!
The goblins go into a battle-frenzy!
You hear a shout!
You tentacle-slap the goblin.
You kill the goblin!
Robin roars a battlecry! 3 goblins and a hobgoblin come into view.
A goblin comes into view. It is wielding a +0 club.
Items here: )) ††.
The hobgoblin shouts!
You tentacle-slap the goblin.
You kill the goblin!
Robin throws the goblin at you! The goblin barely misses you.
The goblin hits you with a +0 club.
A goblin comes into view. It is wielding a +0 dagger.
You tentacle-slap the goblin. Your grab misses the goblin.
The goblin is moderately wounded.
Robin throws the goblin at you! The goblin hits you with a +0 club.
The goblin closely misses you.
A hobgoblin comes into view.
You block the goblin's attack.
You tentacle-slap the goblin.
You kill the goblin!
You closely miss the goblin. Your grab misses the goblin.
You squeeze the goblin.
You kill the goblin!
Robin throws the goblin at you! The hobgoblin completely misses you.
You block the goblin's attack. The goblin hits you with a +0 club.
You tentacle-slap the goblin. Your grab misses the goblin.
You squeeze the goblin.
You kill the goblin!
Robin throws the goblin at you!
* * * LOW HITPOINT WARNING * * *
The goblin hits you with a +0 dagger.
* * * LOW HITPOINT WARNING * * *
The hobgoblin hits you.
You die...

#######.....# #.......
......#.###.# ..
#.###### .####.#.# #.#
#. #.# .#....#.# #.# #.
#.# .#.####.# #.#.#.
#####.# .#.# #.# #.#.#.
#.....# .#.# #.# #.#.g.
#.######## .#.####.#
#.###g######.##.....#
........#
#.#..)@g......#.###.###
.#.######
#.#.#g######..#.# #....
.#.# #.#.#... #..#.#
#.... .#.# #.#.#.###.
#..#.# #.... .#.#
######†#....... #..#.#
#.... .#.#
#.......####### #..#.#
#.... .#.#
#.............# #..#.#
##...
.#.###........####.#
#..#.# #...
.......[..#+#.#
#.######.####...


You could see Robin, a hobgoblin and 2 goblins.

Vanquished Creatures
  2 adders (D:2)
  A dart slug (D:1)
  3 ball pythons
  5 bats
  4 endoplasms
  A giant cockroach (D:2)
  7 goblins
  A hobgoblin (D:1)
  4 jackals (D:1)
  2 frilled lizards (D:1)
  3 rats (D:1)
33 creatures vanquished.

Notes
Turn   | Place    | Note
-------+----------+-------------------------------------------
     0 | D:1      | BigDaddyOpFi the Octopode Fighter began the quest for the
                  | Orb.
     0 | D:1      | Reached XP level 1. HP: 16/16 MP: 1/1
    97 | D:1      | Reached XP level 2. HP: 14/21 MP: 2/2
   224 | D:1      | Found a faded altar of an unknown god.
   601 | D:1      | Reached XP level 3. HP: 26/26 MP: 3/3
  1079 | D:2      | Noticed Robin
  1087 | D:2      | HP: 1/26 [goblin/+0 dagger[Robin] (5)]
  1087 | D:2      | Slain by a hobgoblin

Illustrated notes

Levels and vault maps discovered:
D:1:      lightli_arrival_farm, layout_basic,
          shapermc_ecumenical_altar_acropolis
D:2:      layout_basic, basic_altar, uniq_robin, uniq_terence

Action                     || total
---------------------------++-------
  Melee: Unarmed           ||    64
         Constrict         ||    19
         Tentacles         ||    18
         Punch             ||     2
   Stab: Sleeping          ||     3
 Armour: Skin              ||    33
  Dodge: Dodged            ||    42
  Block: Buckler           ||    18
